 Dungeon Crawl Stone Soup version 0.19.5 (webtiles) character file.

245 tof the Poker (level 5, 0/42 HPs)
             Began as a Demonspawn Berserker on Mar 8, 2017.
             Was a Believer of Trog.
             Slain by a phantom (9 damage)
             ... on level 4 of the Dungeon.
             The game lasted 00:08:22 (3345 turns).

tof the Poker (Demonspawn Berserker)                Turns: 3345, Time: 00:08:23

Health: 0/42       AC:  6    Str: 17    XL:     5   Next: 83%
Magic:  5/5        EV: 12    Int:  9    God:    Trog [**....]
Gold:   196        SH:  0    Dex: 13    Spells: 0 memorised, 4 levels left

rFire  . . .     SeeInvis .     a - +0 spear
rCold  . . .     Gourm    .     q - +0 leather armour
rNeg   . . .     Faith    .     (no shield)
rPois  .         Spirit   .     (helmet restricted)
rElec  .         Reflect  .     (no cloak)
rCorr  .         Harm     .     (no gloves)
MR     .....                    b - +2 pair of boots
Stlth  +.........               s - amulet of regeneration
                                (no ring)
                                p - ring of flight

@: no status effects
A: horns 1, talons 1, mutation resistance 1, rot immunity
a: Berserk, Trog's Hand, Burn Spellbooks, Renounce Religion, Evoke Flight


You were on level 4 of the Dungeon.
You worshipped Trog.
Trog was pleased with you.
You were not hungry.

You visited 1 branch of the dungeon, and saw 4 of its levels.

You collected 196 gold pieces.

Inventory:

Hand Weapons
 a - a +0 spear (weapon)
Armour
 b - a +2 pair of boots (worn)
 q - a +0 leather armour (worn)
Jewellery
 e - an uncursed amulet of faith
 p - a ring of flight (left hand)
 s - an amulet of regeneration (around neck)
Scrolls
 d - 5 scrolls of remove curse {unknown}
 f - a scroll of amnesia {unknown}
 i - 5 scrolls of identify
 j - a scroll of fear {unknown}
 o - 4 scrolls of noise {unknown}
 r - a scroll of blinking {unknown}
Potions
 n - a potion of curing
Comestibles
 c - 4 bread rations
 g - 3 beef jerkies
 h - 5 meat rations
 k - a fruit
 l - 7 chunks of flesh
 m - a slice of pizza


   Skills:
 + Level 4.0 Fighting
 * Level 4.9 Polearms
 + Level 1.8 Armour
 + Level 2.5 Dodging
 + Level 0.8 Stealth


You had 4 spell levels left.
You didn't know any spells.

Dungeon Overview and Level Annotations

Branches:
Dungeon (4/15)
 Temple: D:4-7

Altars:
Ashenzari
The Shining One


Innate Abilities, Weirdness & Mutations

You are immune to rotting.
You have a pair of small horns on your head.
You have sharp toenails.
You are somewhat resistant to further mutation.


Message History

You are too injured to fight recklessly!
You are too injured to fight recklessly!
You are too injured to fight recklessly!
You are too injured to fight recklessly!
You are too injured to fight recklessly!
You are too injured to fight recklessly!
You are too injured to fight recklessly!
You are too injured to fight recklessly!
You are too injured to fight recklessly!
You are too injured to fight recklessly!
You are too injured to fight recklessly!
You completely miss the phantom. Your headbutt misses the phantom.
The phantom is severely damaged.
The bullfrog skeleton hits the plant but does no damage. x2
You closely miss the phantom.
The phantom is severely damaged.
The phantom blinks!
The bullfrog skeleton hits the plant.
The bullfrog skeleton completely misses the plant.
Something hits the plant.
The phantom hits you!
You die...

####### .....# #...#
## #...## ..
#...W###.##### #..♣
#..@..........
#.P♣♣♣♣♣♣P
#...#.##.###.#
#..♣♣P♣[..# #.♣.P.#
#
#..P..♣..)####.♣♣P.#
#.............P♣..##
#.......####..♣♣PP#
#.......###....♣♣P.
#.......#...P♣♣♣ZP.
##.#...#..♣♣♣♣ P.


You could see a phantom.

Vanquished Creatures
  An ogre (D:3)
  An orc wizard (D:4)
  Robin (D:2)
  2 adders (D:2)
  An ooze (D:1)
  3 worms
  A dart slug (D:1)
  4 leopard geckos
  5 orcs
  A ball python (D:2)
  5 bats
  6 giant cockroaches
  15 goblins
  13 hobgoblins
  5 kobolds
  2 quokkas (D:3)
  4 frilled lizards
  6 rats
76 creatures vanquished.

Vanquished Creatures (others)
  A goblin (D:2)
1 creature vanquished.

Grand Total: 77 creatures vanquished

Notes
Turn   | Place    | Note
-------+----------+-------------------------------------------
     0 | D:1      | tof the Demonspawn Berserker began the quest for the Orb.
     0 | D:1      | Reached XP level 1. HP: 18/18 MP: 1/1
    73 | D:1      | Gained mutation: You have sharp toenails. [potion of mutation]
    73 | D:1      | Gained mutation: You are somewhat resistant to further mutation. [potion of mutation]
   102 | D:1      | Gained mutation: You are immune to rotting. [demonic ancestry]
   102 | D:1      | Reached XP level 2. HP: 15/24 MP: 2/2
   252 | D:1      | Gained mutation: You have a pair of small horns on your head. [potion of mutation]
   731 | D:1      | Reached XP level 3. HP: 29/29 MP: 3/3
   765 | D:1      | Reached ** piety under Trog
  1312 | D:2      | Noticed Robin
  1344 | D:2      | Killed Robin
  1344 | D:2      | Reached XP level 4. HP: 19/36 MP: 4/4
  1739 | D:2      | Reached *** piety under Trog
  2226 | D:3      | Found a faded altar of an unknown god.
  2409 | D:3      | Found a shattered altar of Ashenzari.
  2630 | D:3      | Found a glowing golden altar of the Shining One.
  2763 | D:3      | Noticed an ogre
  2772 | D:3      | Killed an ogre
  2772 | D:3      | Reached XP level 5. HP: 19/42 MP: 5/5
  3303 | D:4      | Noticed a phantom
  3345 | D:4      | Slain by a phantom

Skill      XL: |  1  2  3  4 |
---------------+-------------+-----
Polearms       | 3 4 |  4.9
Dodging        | 2 |  2.5
Fighting       | 4 |  4.0
Armour         | |  1.8
Stealth        | |  0.8

Action                   |  1- 3 |  4- 6 || total
-------------------------+-------+-------++-------
Melee: Spear             |   145 |   163 ||   308
       Kick              |    26 |     8 ||    34
       Headbutt          |    14 |    18 ||    32
  Use: Potion            |     4 |     3 ||     7
       Scroll            |       |     1 ||     1
 Stab: Sleeping          |     1 |     1 ||     2
  Eat: Chunk             |     2 |     6 ||     8
Armor: Animal skin       |    15 |     5 ||    20
       Leather armour    |       |    14 ||    14
Dodge: Dodged            |    67 |    64 ||   131
